 Dungeon Crawl Stone Soup version 0.18.1-50-g88ac8fd (webtiles) character file.

459 Groucho the Scratcher (level 6, -1/28 HPs)
             Began as a Felid Fighter on Sept 25, 2016.
             Slain by Blork the orc
             ... wielding a +0 trident
              (11 damage)
             ... on level 5 of the Dungeon.
             The game lasted 00:08:05 (6117 turns).

Groucho the Scratcher (Felid Fighter)               Turns: 6117, Time: 00:08:06

Health: -1/28      AC:  2    Str: 14    XL:     6   Next: 78%
Magic:  7/7        EV: 20    Int: 10    God:
Gold:   170        SH:  0    Dex: 15    Spells: 0 memorised, 5 levels left
                                        Lives:  0   Deaths: 1

rFire  . . .     SeeInvis +       - Unarmed
rCold  . . .     Gourm    .     (armour unavailable)
rNeg   . . .     Faith    .     (shield unavailable)
rPois  .         Spirit   .     (helmet unavailable)
rElec  .         Dismiss  .     (cloak unavailable)
rCorr  .         Reflect  .     (gloves unavailable)
SustAt .         Harm     .     (boots unavailable)
MR     .....                    (no amulet)
Stlth  +++.......               (no ring)
                                (no ring)

@: quick, not resistant to hostile enchantments, fairly stealthy
A: no armour, no weapons or thrown items, claws 1, fangs 3, see invisible,
carnivore 3, speed 1, shaggy fur 2, slow metabolism 1, sharp paws
a: no special abilities


You were on level 5 of the Dungeon.
You were not hungry.

You visited 1 branch of the dungeon, and saw 7 of its levels.

You collected 184 gold pieces.
You spent 14 gold pieces at shops.

Inventory:

Scrolls
 e - a scroll of teleportation {unknown}
 f - 10 scrolls of identify {unknown}
 h - a scroll of remove curse {unknown}
 i - 2 scrolls of fog {unknown}
 j - a scroll of recharging {unknown}
 n - a scroll of fear {unknown}
 o - 2 scrolls of magic mapping {unknown}
 p - a scroll of amnesia {unknown}
Potions
 a - a potion of might
 d - a potion of degeneration
 g - 2 potions of curing {unknown}
 l - a potion of heal wounds
 m - a potion of flight
 q - a potion of agility {unknown}
 s - a potion of brilliance {unknown}
Comestibles
 b - 2 meat rations
 k - a royal jelly
 r - a slice of pizza


   Skills:
 + Level 4.3 Fighting
 + Level 5.7 Dodging
 + Level 4.3 Stealth
 * Level 6.4 Unarmed Combat


You had 5 spell levels left.
You didn't know any spells.

Dungeon Overview and Level Annotations

Branches:
Dungeon (7/15)
 Temple: D:4-7

Altars:
Dithmenos
Trog

Shops:
D:4 !

Annotations:
D:5 Blork the orc


Innate Abilities, Weirdness & Mutations

You cannot wear armour.
You are incapable of wielding weapons or throwing items.
You have sharp claws.
You have razor-sharp teeth.
You have supernaturally acute eyesight.
You are carnivorous and can eat meat at any time.
You cover ground quickly.
You are covered in thick fur (AC +2).
You have a slow metabolism.
Your sharp claws are effective at attacking unaware monsters.


Message History

Blork the orc hits you from afar with a trident.
Unknown command.
Blork the orc hits you with a trident.
Found a falchion.
You see here a howler monkey corpse.
Unknown command.
You scratch Blork the orc.
Blork the orc is lightly wounded.
Blork the orc barely misses you.
Unknown command.
You claw Blork the orc!
Blork the orc is moderately wounded.
Blork the orc barely misses you.
You closely miss Blork the orc.
Blork the orc is moderately wounded.
Unknown command.
You claw Blork the orc!
Blork the orc is heavily wounded.
Blork the orc hits you with a trident!
You die...

....).. .......
#####..<...
##...#....#
##.......[.###
#........$...#
#....o.......#
#....†@w.....#
##.....†...#..
##...#....###
######.....##
#####.###....
#...#.##...##
##..#.##.#.#
#....##.#.# .#
#.........#####.#


You could see Blork the orc and a worm.

Vanquished Creatures
  2 sky beasts
  A howler monkey (D:5)
  An orc priest (D:4)
  2 orc wizards
  An iguana (D:4)
  A worker ant (D:5)
  4 gnolls
  3 adders
  2 oozes
  2 dart slugs (D:1)
  3 giant geckos
  7 orcs
  2 giant cockroaches
  14 goblins
  6 hobgoblins
  15 jackals
  10 kobolds
  3 quokkas (D:2)
  2 ball pythons
  2 bats
  A giant gecko skeleton (D:4)
  5 giant newts
  10 rats
99 creatures vanquished.

Notes
Turn   | Place    | Note
--------------------------------------------------------------
     0 | D:1      | Groucho the Felid Fighter began the quest for the Orb.
     0 | D:1      | Reached XP level 1. HP: 10/10 MP: 2/2
   573 | D:1      | Reached skill level 1 in Stealth
   575 | D:1      | Reached XP level 2. HP: 14/14 MP: 3/3
   773 | D:1      | Reached XP level 3. HP: 16/17 MP: 4/4
  2536 | D:2      | Found a bloodstained altar of Trog.
  2549 | D:2      | Reached XP level 4. HP: 21/21 MP: 5/5
  3136 | D:3      | Reached skill level 5 in Unarmed Combat
  4134 | D:4      | HP: 1/21 [iguana (15)]
  4504 | D:4      | Reached XP level 5. HP: 20/24 MP: 6/6
  4725 | D:4      | Noticed an ogre
  4735 | D:4      | Mangled by an ogre
  4736 | D:4      | Reached XP level 4. HP: -8/21 MP: 5/5
  4746 | D:4      | Found Qywauc's Distillery.
  4760 | D:4      | Bought a potion of degeneration for 14 gold pieces
  5275 | D:4      | Reached skill level 5 in Dodging
  5275 | D:4      | Reached XP level 5. HP: 25/25 MP: 6/6
  5391 | D:4      | You fall through a shaft for 3 floors!
  5407 | D:7      | Noticed a centaur
  5435 | D:6      | Found a shadowy altar of Dithmenos.
  5437 | D:6      | Noticed a sky beast
  5460 | D:6      | Killed a sky beast
  5508 | D:6      | HP: 1/25 [orc wizard/magic dart (9)]
  5515 | D:6      | Reached skill level 6 in Unarmed Combat
  5515 | D:6      | Gained mutation: You are covered in thick fur (AC +2). [Felid growth]
  5515 | D:6      | Reached XP level 6. HP: 28/28 MP: 7/7
  5562 | D:5      | Entered Level 5 of the Dungeon
  6069 | D:5      | Noticed a slave
  6099 | D:5      | Noticed Blork the orc
  6099 | D:5      | Noticed a sky beast
  6107 | D:5      | Killed a sky beast
  6117 | D:5      | Slain by Blork the orc

Skill      XL: |  1  2  3  4  5  6 |
---------------+-------------------+-----
Stealth        | 1 3 4 |  4.3
Unarmed Combat | 5 6 |  6.4
Dodging        | 5 |  5.7
Fighting       | 4 |  4.3

Action                   |  1- 3 |  4- 6 || total
-------------------------+-------+-------++-------
Melee: Unarmed           |   111 |   177 ||   288
       Bite              |     8 |    16 ||    24
       Punch             |     1 |     6 ||     7
  Use: Potion            |       |     3 ||     3
 Stab: Sleeping          |     5 |     2 ||     7
       Distracted        |       |     1 ||     1
       Invisible         |       |     3 ||     3
  Eat: Chunk             |     5 |       ||     5
       Beef jerky        |       |     1 ||     1
Armor: Skin              |     3 |     3 ||     6
Dodge: Dodged            |    74 |   146 ||   220
